 Dungeon Crawl Stone Soup version 0.25-a0-549-g6e6e650 (webtiles) character file.

Game seed: 10202198231695333079, levelgen mode: classic

144 shukka the Magician (level 5, 34/34 HPs)
             Began as a Mummy Wizard on Apr 25, 2019.
             Was a Follower of Hepliaklqana.
             Quit the game on level 4 of the Dungeon on Feb 23, 2020.
             The game lasted 00:18:10 (3462 turns).

shukka the Magician (Mummy Wizard)                  Turns: 3462, Time: 00:18:11

Health: 34/34      AC:  2    Str: 10    XL:     5   Next: 5%
Magic:  12/12      EV: 12    Int: 19    God:    Hepliaklqana [*.....]
Gold:   190        SH:  0    Dex: 10    Spells: 2/13 levels left

rFire    x . .     SeeInvis .   p - +2 whip (flame)
rCold    + . .     Gourm    .   (no shield)
rNeg     + + +     Faith    .   a - +0 robe
rPois    ∞         Spirit   .   j - -2 helmet (curse)
rElec    .         Reflect  .   l - +0 cloak
rCorr    .         Harm     .   (no gloves)
MR       .....                  (no boots)
Stlth    ++........             (no amulet)
HPRegen  0.11/turn              (no ring)
MPRegen  0.13/turn              (no ring)

@: no status effects
A: no food or potions, fire vulnerability, reduced essence, cold resistance 1,
negative energy resistance 3, torment resistance, unbreathing
a: Recall Ancestor, Ancestor Identity, Renounce Religion


You were on level 4 of the Dungeon.
You worshipped Hepliaklqana.
Hepliaklqana was aware of your devotion.
You were not hungry.

You visited 1 branch of the dungeon, and saw 4 of its levels.

You collected 190 gold pieces.

Inventory:

Hand Weapons
 i - a +1 dagger of venom
 p - a +2 whip of flaming (weapon)
Armour
 a - a +0 robe (worn)
 b - a +0 hat
 j - a cursed -2 helmet (worn)
 l - a +0 cloak (worn)
Magical Staves
 m - an uncursed staff of fire
Scrolls
 c - 2 scrolls of remove curse {unknown}
 d - a scroll of teleportation {unknown}
 e - a scroll of enchant armour {unknown}
 f - 3 scrolls of identify {unknown}
 g - a scroll of fog {unknown}
 h - a scroll of amnesia {unknown}
 k - a scroll of enchant weapon {unknown}
 n - 3 scrolls of random uselessness {unknown}
 o - a scroll of immolation {unknown}
 q - a scroll of magic mapping {unknown}


   Skills:
 + Level 2.1 Fighting
 - Level 1.5 Dodging
 - Level 1.5 Stealth
 + Level 4.8 Spellcasting
 + Level 1.9 Conjurations
 + Level 1.4 Summonings
 - Level 0.7 Translocations
 + Level 1.0 Air Magic
 + Level 0.9 Poison Magic


You had 2 spell levels left.
You knew the following spells:

 Your Spells              Type           Power        Failure   Level  Hunger
a - Magic Dart            Conj           ##..         6%          1    N/A
b - Call Imp              Summ           #.......     11%         2    N/A
c - Blink                 Tloc           N/A          14%         2    N/A
d - Conjure Flame         Conj/Fire      #.......     26%         3    N/A
e - Mephitic Cloud        Conj/Pois/Air  #.......     22%         3    N/A

Your spell library contained the following spells:

 Spells                   Type           Power        Failure   Level  Hunger
 Slow                     Hex            #.......     19%         2    N/A

Dungeon Overview and Level Annotations

Branches:
Dungeon (4/15)
 Temple: D:4-7

Altars:
Hepliaklqana
Trog


Innate Abilities, Weirdness & Mutations

You do not eat or drink.
Your flesh is vulnerable to fire.
You are immune to poison.
Your flesh is cold resistant. (rC+)
You are immune to negative energy. (rN+++)
You are immune to unholy pain and torment.
You can survive without breathing.
Your life essence is reduced to manifest your ancestor. (-10% HP)


Message History

Found a hand axe.
q - a scroll labeled KOVVATW CAL KOD Saving game... please wait.
Welcome back, shukka the Mummy Wizard.
Hepliaklqana says: Your past becomes your present!
Press ? for a list of commands and other information.
Unknown command.
Quiver which item? (- for none, * to show all) (? for menu, Esc to quit)
Okay, then.
You can't drink.
Save game and exit?
Welcome back, shukka the Mummy Wizard.
Hepliaklqana says: Your past becomes your present!
Press ? for a list of commands and other information.
Press: ? - help, v - describe, . - travel The floor.
Unknown command.
Unknown command.
Unknown command.
Are you sure you want to abandon this character and quit the game? (Confirm with "yes".)

#[.##....<.#
#.#.......#
#........[#
##........#
##....#####
#..####
♣####.##
♣♣....##
♣..@R##
####.# #.#
..# ..# ...#
...# ....#


You could see the friendly Carlata the ancestor.

Vanquished Creatures
  3 adders
  A worm (D:2)
  An ancestor (D:3)
  2 leopard geckos
  3 orcs (D:3)
  3 giant cockroaches
  6 goblins
  3 hobgoblins (D:1)
  3 jackals
  A bat (D:2)
  A frilled lizard (D:1)
  3 kobolds
  4 rats
34 creatures vanquished.

Vanquished Creatures (collateral kills)
  An orc priest (D:3)
  4 adders
  2 worms (D:2)
  A dart slug (D:1)
  3 leopard geckos
  3 orcs (D:3)
  A ball python (D:1)
  4 bats
  2 giant cockroaches (D:1)
  4 goblins
  8 hobgoblins
  8 kobolds
  A quokka (D:2)
  A frilled lizard (D:1)
  6 rats
49 creatures vanquished.

Vanquished Creatures (others)
  2 ancestors (D:3)
2 creatures vanquished.

Grand Total: 85 creatures vanquished

Notes
Turn   | Place    | Note
-------+----------+-------------------------------------------
     0 | D:1      | shukka the Mummy Wizard began the quest for the Orb.
     0 | D:1      | Reached XP level 1. HP: 13/13 MP: 5/5
   136 | D:1      | Reached skill level 1 in Conjurations
   331 | D:1      | Reached XP level 2. HP: 20/20 MP: 2/7
   335 | D:1      | Learned a level 2 spell: Call Imp
   338 | D:1      | Learned a level 2 spell: Blink
   438 | D:1      | Reached skill level 1 in Fighting
  1037 | D:1      | Reached XP level 3. HP: 15/26 MP: 1/9
  1042 | D:1      | Learned a level 3 spell: Conjure Flame
  1046 | D:1      | Learned a level 3 spell: Mephitic Cloud
  1260 | D:2      | Found a faded altar of an unknown god.
  1762 | D:2      | Became a worshipper of Hepliaklqana the Forgotten
  1762 | D:2      | Reached * piety under Hepliaklqana
  1871 | D:2      | Reached skill level 1 in Summonings
  2102 | D:2      | Found a bloodstained altar of Trog.
  2153 | D:2      | Reached XP level 4. HP: 19/29 MP: 10/10
  3009 | D:3      | Reached skill level 1 in Air Magic
  3268 | D:3      | Reached XP level 5. HP: 29/34 MP: 12/12
  3461 | D:4      | Upgraded the game from 0.24-a0-272-g1411513 to
                  | 0.25-a0-549-g6e6e650
  3462 | D:4      | Quit the game

Levels and vault maps discovered:
D:1:      minmay_arrival_four_loops, layout_loops_ring
D:2:      layout_rooms, bloody_trog, serial_bayou, serial_bayou_pond_d,
          serial_bayou_shore_a, serial_bayou_pond_b, serial_bayou_shore_b,
          chequers_ecumenical_altar_simple_redux
D:3:      layout_loops_ring, first_ration
D:4:      layout_cave_pods, serial_forest, infiniplex_forest_clump_diagonal,
          infiniplex_forest_lined_2, infiniplex_forest_clump_double,
          infiniplex_forest_join, infiniplex_forest_straight_4,
          infiniplex_forest_clump_diagonal, infiniplex_forest_lined_ring,
          infiniplex_forest_split, infiniplex_forest_lined_room_, uniq_edmund

Skill      XL: |  1  2  3  4 |
---------------+-------------+-----
Conjurations   | 1 |  1.9
Fighting       | 1 2 |  2.1
Summonings     | 1 |  1.4
Air Magic      | 1 |  1.0
Dodging        | |  1.5
Stealth        | |  1.5
Spellcasting   | |  4.8
Translocations | |  0.7
Poison Magic   | |  0.9

Action                   |  1- 3 |  4- 6 || total
-------------------------+-------+-------++-------
Melee: Short sword       |    22 |       ||    22
       Dagger            |    14 |    28 ||    42
       Staff             |       |    11 ||    11
 Cast: Magic Dart        |    24 |     6 ||    30
       Call Imp          |    38 |    16 ||    54
       Mephitic Cloud    |       |     1 ||     1
       Blink             |       |     1 ||     1
Invok: Ancestor Identity |     1 |       ||     1
 Stab: Sleeping          |     1 |     2 ||     3
Armor: Robe              |    15 |     4 ||    19
Dodge: Dodged            |    74 |    25 ||    99

Table legend:
 A = Non-vault XP
 B = Vault XP
 C = Vault XP percentage of total XP
 D = Non-vault monster count
 E = Vault monster count
 F = Vault count percentage of total count
                 A         B        C        D         E       F
            +---------+---------+-------+---------+---------+-------
      Total |     188 |      18 |   8.7 |      76 |       6 |   7.3
            +---------+---------+-------+---------+---------+-------
        D:1 |      42 |       1 |   2.3 |      30 |       1 |   3.2
        D:2 |      67 |      17 |  20.2 |      26 |       5 |  16.1
        D:3 |      79 |       0 |   0.0 |      20 |       0 |   0.0
            +---------+---------+-------+---------+---------+-------
